 Dungeon Crawl Stone Soup version 0.22-a0-410-g97be04f (webtiles) character file.

70 dstrtnsr the Skirmisher (level 4, -3/37 HPs)
             Began as a Merfolk Wanderer on May 11, 2018.
             Killed from afar by Dowan (8 damage)
             ... with a puff of flame
             ... on level 4 of the Dungeon.
             The game lasted 00:06:46 (712 turns).

dstrtnsr the Skirmisher (Merfolk Wanderer)           Turns: 712, Time: 00:06:46

Health: -3/37      AC:  4    Str:  9 (11) XL:     4   Next: 22%
Magic:  8/8        EV: 11    Int: 11 (14) God:
Gold:   17         SH:  0    Dex:  9 (12) Spells: 8/9 levels left

rFire    . . .     SeeInvis .   d - +0 spear
rCold    . . .     Gourm    .   (no shield)
rNeg     + . .     Faith    .   a - +0 leather armour
rPois    .         Spirit   .   (no helmet)
rElec    .         Reflect  .   (no cloak)
rCorr    .         Harm     .   (no gloves)
MR       .....                  h - +0 pair of boots
Stlth    +.........             (no amulet)
HPRegen  0.12/turn              e - ring of positive energy
MPRegen  0.11/turn              (no ring)

@: no status effects
A: change form in water, swift swim, stealthy swim
a: no special abilities


You were on level 4 of the Dungeon.
You were not hungry.

You visited 1 branch of the dungeon, and saw 5 of its levels.

You collected 17 gold pieces.

Inventory:

Hand Weapons
 d - a +0 spear (weapon)
Armour
 a - a +0 leather armour (worn)
 h - a +0 pair of boots (worn)
Jewellery
 e - a ring of positive energy (left hand)
Scrolls
 b - a scroll of remove curse {unknown}
 c - a scroll of identify {unknown}
 i - a scroll of fear {unknown}
Potions
 f - a potion of might {unknown}
 g - a potion of degeneration {!q}
Comestibles
 w - 4 rations {!d}


   Skills:
 + Level 4.0 Fighting
 * Level 1.9 Polearms
 - Level 1.3 Dodging
 - Level 1.1 Stealth
 - Level 3.0 Spellcasting
   Level 1.0 Necromancy
   Level 1.0 Fire Magic
   Level 2.0 Evocations


You had 8 spell levels left.
You knew the following spells:

 Your Spells              Type           Power        Failure   Level  Hunger
B - Summon Butterflies    Summ           #.......     36%         1    #......


Dungeon Overview and Level Annotations

Branches:
Dungeon (5/15)
 Temple: D:4-7

Altars:

Annotations:
D:4 Dowan, Duvessa


Message History

Found a stone staircase leading up.
There is a stone staircase leading up here.
Unknown command.
Unknown command.
Found a stone staircase leading up.
An ogre comes into view. It is wielding a giant spiked club.
Found a ration.
Evoke which item? (* to show all) (? for menu, Esc to quit)
Okay, then.
Okay, then.
The ogre shouts!
Evoke which item? (* to show all) (? for menu, Esc to quit)
Okay, then.
Unknown command.
Casting: Summon Butterflies (safe; 28% risk of failure)
Confirm with . or Enter, or press ? or * to list all spells.
Okay, then.
Unknown command.
Unknown command.
There is an escape hatch in the floor here.
You slide downwards.
The hatch slams shut behind you.
A crimson imp comes into view.
The crimson imp shouts!
Found 14 gold pieces and a scroll labeled OHIGEA ZEASAA.
Found an escape hatch in the ceiling.
Unknown command.
Found a ration.
Found a stone staircase leading down.
The crimson imp hits you.
There is an escape hatch in the ceiling here.
Damage: -2%(-1hp) hp: 71%(26hp)
You completely miss the crimson imp.
The crimson imp blinks!
You hit the crimson imp.
The crimson imp is moderately wounded.
The crimson imp hits you but does no damage.
You hit the crimson imp.
The crimson imp is moderately wounded.
The crimson imp hits you but does no damage.
You closely miss the crimson imp.
The crimson imp is lightly wounded.
The crimson imp barely misses you.
You miss the crimson imp.
The crimson imp is lightly wounded.
The crimson imp barely misses you.
You closely miss the crimson imp.
The crimson imp hits you but does no damage.
You hit the crimson imp.
The crimson imp is lightly wounded.
The crimson imp misses you.
You hit the crimson imp.
The crimson imp is moderately wounded.
The crimson imp misses you.
You hit the crimson imp but do no damage.
The crimson imp is moderately wounded.
The crimson imp hits you but does no damage.
You hit the crimson imp but do no damage.
The crimson imp is lightly wounded.
The crimson imp barely misses you.
You hit the crimson imp but do no damage.
The crimson imp is lightly wounded.
The crimson imp blinks!
A centaur skeleton comes into view.
A mysterious force pulls you upwards. The hatch slams shut behind you.
Dowan shouts!
Duvessa, Sister of Dowan comes into view.
She is wielding a vampiric short sword.
Duvessa shouts!
Dowan points at you and mumbles some strange words.
The puff of flame hits you!
Huge Dmg: -16%(-6hp) hp: 60%(22hp)
You hit Dowan.
Dowan is lightly wounded.
Duvessa hits you with a vampiric short sword!
* * * LOW HITPOINT WARNING * * *
Dowan hits you with a dagger.
* * * LOW HITPOINT WARNING * * *
Huge Dmg: -24%(-9hp) hp: 36%(13hp)
You completely miss Duvessa.
Duvessa hits you with a vampiric short sword.
* * * LOW HITPOINT WARNING * * *
Dowan hits you but does no damage.
Huge Dmg: -11%(-4hp) hp: 25%(9hp)
You hit Dowan but do no damage.
Dowan is lightly wounded.
Duvessa hits you but does no damage. Dowan hits you with a dagger.
* * * LOW HITPOINT WARNING * * *
Huge Dmg: -11%(-4hp) hp: 14%(5hp) Unknown command.
Unknown command.
Unknown command.
Unknown command.
Okay, then.
It was a potion of degeneration.
There was something very wrong with that liquid.
You feel weakened.
You feel dopey.
You feel clumsy. Duvessa barely misses you.
Dowan points at you and mumbles some strange words.
The puff of flame hits you!
You die...

##...##
#.....#
#.....#
#.....#
#.....#
#.....#
#..e..#
#@e.#
#####


You could see Duvessa and Dowan.

Vanquished Creatures
  Jessica (D:2)
  An adder (D:2)
  An orc (D:3)
  A bat (D:3)
  2 giant cockroaches (D:2)
  4 goblins
  5 hobgoblins
  8 jackals
  3 frilled lizards (D:2)
  3 kobolds
  2 rats
31 creatures vanquished.

Notes
Turn   | Place    | Note
-------+----------+-------------------------------------------
     0 | D:1      | dstrtnsr the Merfolk Wanderer began the quest for the Orb.
     0 | D:1      | dstrtnsr set off with: a +0 leather armour, 2 throwing nets {!f}, a +0 spear, a ration {!d}
     0 | D:1      | Reached XP level 1. HP: 13/13 MP: 4/4
     2 | D:1      | Learned a level 1 spell: Summon Butterflies
    19 | D:1      | Reached skill level 1 in Fighting
    24 | D:1      | HP: 6/15 [jackal (1)]
    69 | D:1      | HP: 6/15 [goblin (1)]
    71 | D:1      | Reached XP level 2. HP: 8/22 MP: 6/6
    95 | D:1      | HP: 5/22 [hobgoblin (4)]
   123 | D:1      | Reached skill level 2 in Fighting
   213 | D:2      | HP: 7/22 [adder (5)]
   256 | D:2      | Reached XP level 3. HP: 13/28 MP: 7/7
   275 | D:2      | Noticed Jessica
   288 | D:2      | HP: 9/28 [hobgoblin/club (6)]
   295 | D:2      | HP: 8/28 [hobgoblin/club (2)]
   304 | D:2      | HP: 6/28 [hobgoblin/club (2)]
   311 | D:2      | HP: 5/28 [Jessica/club (2)]
   320 | D:2      | HP: 1/28 [Jessica/club (5)]
   321 | D:2      | Killed Jessica
   321 | D:2      | Reached skill level 3 in Fighting
   516 | D:2      | Reached XP level 4. HP: 21/37 MP: 8/8
   535 | D:2      | Reached skill level 4 in Fighting
   683 | D:4      | Noticed an ogre
   690 | D:5      | Entered Level 5 of the Dungeon
   708 | D:4      | Noticed Dowan
   708 | D:4      | Noticed Duvessa
   709 | D:4      | HP: 14/37 [Duvessa/vampiric short sword (8)]
   711 | D:4      | HP: 5/37 [Dowan/dagger (4)]
   712 | D:4      | Killed from afar by Dowan

Vault maps used:
D:1:      dpeg_arrival_tiny_f, minivault_25, minmay_pentomino_z4
D:2:      uniq_jessica
D:4:      corexii_item_surrounded_by_moat, uniq_pikel, uniq_duvessa,
          uniq_grinder
D:5:      first_ration, uniq_sigmund, uniq_menkaure

Skill      XL: |  1  2  3  4 |
---------------+-------------+-----
Fighting       | 1 2 3 4 |  4.0
Polearms       | |  1.9
Dodging        | |  1.3
Stealth        | |  1.1
Spellcasting   | |  3.0
Necromancy     | |  1.0
Fire Magic     | |  1.0
Evocations     | |  2.0

Action                   |  1- 3 |  4- 6 || total
-------------------------+-------+-------++-------
Melee: Spear             |   105 |    50 ||   155
Throw: Throwing net      |     2 |       ||     2
 Cast: Summon Butterflie |     2 |       ||     2
  Use: Potion            |       |     1 ||     1
 Stab: Held in net/web   |     1 |       ||     1
       Sleeping          |     1 |       ||     1
Armor: Leather armour    |    19 |    21 ||    40
Dodge: Dodged            |    51 |    17 ||    68

Table legend:
 A = Spawn XP
 B = Non-spawn XP
 C = Spawn XP percentage of total XP
 D = Spawn monster count
 E = Non-spawn monster count
 F = Spawn count percentage of total count
 G = Total turns spent on level
                    A         B        C        D         E        F      G
               +---------+---------+-------+---------+---------+-------+---------
         Total |       0 |     101 |   0.0 |       0 |      31 |   0.0 |   712
               +---------+---------+-------+---------+---------+-------+---------
           D:1 |       0 |      17 |   0.0 |       0 |      10 |   0.0 |   195
           D:2 |       0 |      77 |   0.0 |       0 |      17 |   0.0 |   379
           D:3 |       0 |       7 |   0.0 |       0 |       4 |   0.0 |   106
               +---------+---------+-------+---------+---------+-------+---------
